 Dungeon Crawl Stone Soup version 0.31-a0-1499-ge0622b2318 (webtiles) character file.

Game seed: 16576860442951811703

351 dialectric the Changeling (level 6, 0/42 HPs)
             Began as an Octopode Shapeshifter on Dec 29, 2023.
             Slain by an ogre
             ... wielding a +0 giant club
              (24 damage)
             ... on level 4 of the Dungeon.
             The game lasted 00:03:08 (2734 turns).

dialectric the Changeling (Octopode Shapeshifter)   Turns: 2734, Time: 00:03:09

Health: 0/42       AC:  1    Str: 15    XL:     6   Next: 61%
Magic:  6/6        EV: 14    Int: 13    God:
Gold:   140        SH:  0    Dex: 11    Spells: 5/5 levels left

rFire   + + .        v - +10 flail of the Scorpion {drain, rF++}
rCold   . . .        (no shield)
rNeg    . . .        (helmet currently unavailable)
rPois   +            (no amulet)
rElec   .            d - ring of flight
rCorr   .            t - ring of poison resistance
SInv    .            (no ring)
Will    .....        (no ring)
Stlth   ++           (no ring)
HPRegen 0.27/turn    (no ring)
MPRegen 0.10/turn    (no ring)
                     (no ring)

%: no passive effects
@: beast-form, flying
A: beast (slay +2), almost no armour, amphibious, 8 rings, camouflage 1,
gelatinous body 1, (nimble swimmer 1), tentacles
a: Begin Untransformation


You were on level 4 of the Dungeon.
You were a hulking beast.
You visited 1 branch of the dungeon, and saw 4 of its levels.

You collected 140 gold pieces.

Inventory:

Hand Weapons
 v - the +10 flail of the Scorpion (weapon) {drain, rF++}
   (You found it on level 2 of the Dungeon)

   rF++:      It greatly protects you from fire.
 w - a +4 quarterstaff of chaos
Missiles
 p - 18 poisoned darts (quivered)
Jewellery
 d - a ring of flight (left tentacle)
 t - a ring of poison resistance (right tentacle)
Talismans
 b - a beast talisman
 c - a flux talisman
Scrolls
 e - 3 scrolls of identify {unknown}
 f - 2 scrolls of fear {unknown}
 i - 2 scrolls of enchant armour
 l - a scroll of revelation {unknown}
 m - a scroll of immolation {unknown}
 o - a scroll of poison {unknown}
 s - a scroll of vulnerability {unknown}
 x - a scroll of amnesia {unknown}
 y - a scroll of enchant weapon {unknown}
 B - a scroll of torment {unknown}
 D - a scroll of silence {unknown}
Potions
 a - a potion of lignification
 g - 2 potions of degeneration {unknown}
 h - a potion of might {unknown}
 j - 2 potions of curing {unknown}
 k - a potion of mutation {unknown}
 n - a potion of haste {unknown}
 q - a potion of resistance {unknown}
 r - a potion of cancellation {unknown}
 u - 2 potions of heal wounds {unknown}
 z - a potion of ambrosia {unknown}
 A - 2 potions of magic {unknown}
 C - 2 potions of brilliance {unknown}


   Skills:
 - Level 3.0 Fighting
 + Level 2.0 Maces & Flails
 + Level 4.1 Dodging
 - Level 3.0 Unarmed Combat
 + Level 4.4 Shapeshifting


You had 5 spell levels left.
You didn't know any spells.
Your spell library contained the following spells:

 Spells                   Type           Power      Damage    Failure   Level
 Summon Ice Beast         Ice/Summ       0%         N/A       67%         3
 Summon Mana Viper        Hex/Summ       0%         N/A       100%        5
 Monstrous Menagerie      Summ           0%         N/A       100%        7


Dungeon Overview and Level Annotations

Branches:
Dungeon (4/15)
 Temple: D:4-7

Altars:
Gozag
Makhleb
Nemelex Xobeh


Innate Abilities, Weirdness & Mutations

You are a hulking beast.
Your limbs bulge with bestial killing power. (Slay +2)
You cannot wear most types of armour.
You are amphibious.
You can wear up to eight rings at the same time.
Your skin changes colour to match your surroundings (Stealth+).
Your rubbery body absorbs attacks. (AC +1, EV +1)
((You are camouflaged when in or above water. (Stealth+)))
You have tentacles for arms and can constrict up to eight enemies at once.


Message History

An iguana comes into view.
An iguana is nearby!
Found 14 gold pieces.
An iguana is nearby!
An iguana is nearby!
You closely miss the iguana. You grab the iguana. You squeeze the iguana.
The iguana is moderately wounded.
You constrict the iguana. The iguana bites you!
You sock the iguana!
You kill the iguana!
No target in view!
No target in view!
No target in view!
No target in view!
No target in view!
A scorpion and an ogre come into view.
Found an opulent altar of Gozag.
The ogre shouts!
The ogre barely misses you. The ogre attacks as it pursues you!
The ogre misses you.
You see here 14 gold pieces.
Found a stone staircase leading down.
The scorpion attacks as it pursues you! The scorpion stings you!
You hit the scorpion. You drain the scorpion. You grab the scorpion.
You squeeze the scorpion.
The scorpion is heavily wounded.
You constrict the scorpion. The scorpion stings you.
You hit the scorpion.
The scorpion is severely wounded.
You constrict the scorpion, but do no damage.
The scorpion barely misses you. The scorpion closely misses you.
You sock the scorpion!
You kill the scorpion!
Your Maces & Flails skill increases to level 2!
Your Dodging skill increases to level 4!
You thump the ogre! You squeeze the ogre.
The ogre is severely wounded.
The ogre hits you with a +0 giant club!!
Ouch! That really hurt!
You die...

#...##...###
.....###.#
.....##.#
._......#
.....#..# ....
##$# ... #.#
#.#####O#####>.
.......h......#
###.###.##.#...
... .. .....
#.# ##...## #
##.## #.# #.#


You could see an ogre.

Vanquished Creatures
  An ice beast (D:4)
  A scorpion (D:4)
  Crazy Yiuf (D:2)
  An iguana (D:4)
  9 adders
  A ribbon worm (D:2)
  3 orcs (D:3)
  2 ball pythons
  4 endoplasms
  4 giant cockroaches
  5 goblins
  2 hobgoblins (D:2)
  3 jackals (D:1)
  2 quokkas
  7 bats
  2 frilled lizards
  7 kobolds
  4 rats
59 creatures vanquished.

Notes
Turn   | Place    | Note
-------+----------+-------------------------------------------
     0 | D:1      | dialectric the Octopode Shapeshifter began the quest for
                  | the Orb.
     0 | D:1      | Reached XP level 1. HP: 13/13 MP: 1/1
   121 | D:1      | Reached XP level 2. HP: 18/18 MP: 2/2
   730 | D:2      | Reached XP level 3. HP: 23/24 MP: 3/3
   784 | D:2      | Found a faded altar of an unknown god.
  1074 | D:2      | Reached XP level 4. HP: 29/29 MP: 4/4
  1097 | D:2      | Found a burning altar of Makhleb.
  1271 | D:2      | Identified the +10 flail of the Scorpion {drain, rF++}
  1441 | D:2      | Found a runed translucent door.
  1442 | D:2      | Noticed Crazy Yiuf
  1450 | D:2      | Killed Crazy Yiuf
  1583 | D:3      | Reached XP level 5. HP: 35/35 MP: 5/5
  2242 | D:4      | Noticed an ice beast
  2251 | D:4      | Killed an ice beast
  2252 | D:4      | Reached skill level 1 in Maces & Flails
  2252 | D:4      | Reached XP level 6. HP: 9/42 MP: 6/6
  2664 | D:4      | Found a sparkling altar of Nemelex Xobeh.
  2724 | D:4      | Found an opulent altar of Gozag.
  2734 | D:4      | Slain by an ogre

Illustrated notes

Levels and vault maps discovered:
D:1:      dpeg_arrival_more_subterranean_lakeside_camping, layout_loops_ring
D:2:      layout_loops_cross, basic_altar,
          hellmonk_ecumenical_altar_arch_garden, uniq_crazy_yiuf_cottage
D:3:      layout_loops_cross, nicolae_elevator_lobby_asterisk
D:4:      layout_loops_corners, nicolae_overflow_hidden_temple,
          lemuel_round_altar, minmay_temple_entry_from_below_b,
          minmay_misc_feat_x

Skill      XL: |  1  2  3  4  5  6 |
---------------+-------------------+-----
Fighting       | 2 3 |  3.0
Dodging        | 3 4 |  4.1
Maces & Flails | 1 2 |  2.0
Shapeshifting  | 4 |  4.4
Unarmed Combat | |  3.0

Action                     |  1- 3 |  4- 6 || total
---------------------------+-------+-------++-------
  Melee: Unarmed           |    61 |     9 ||    70
         Constrict         |    15 |     9 ||    24
         Tentacles         |    13 |     7 ||    20
         Flail             |       |    39 ||    39
         Punch             |       |     1 ||     1
    Use: Potion            |       |     1 ||     1
         Scroll            |       |     1 ||     1
   Stab: Sleeping          |     3 |     7 ||    10
 Armour: Skin              |    23 |    20 ||    43
  Dodge: Dodged            |    40 |    25 ||    65

Table legend: (Time is in decaauts)
 A = Elapsed time spent in this place.
 B = Non-inter-level travel time spent in this place.
 C = Inter-level travel time spent in this place.
 D = Time resting spent in this place.
 E = Time spent auto-exploring this place.
 F = Levels seen in this place.
 G = Mean time per level.
                   A        B        C        D        E       F      G
               +--------+--------+--------+--------+--------+-----+--------+
         Total |   2742 |   2632 |    110 |    201 |   1927 |   4 |  685.5 |
       Dungeon |   2742 |   2632 |    110 |    201 |   1927 |   4 |  685.5 |
               +--------+--------+--------+--------+--------+-----+--------+

Top non-repeatable levels by time:
     D:2: 821 daAuts
     D:1: 712 daAuts
     D:3: 667 daAuts
     D:4: 540 daAuts
